 Dungeon Crawl Stone Soup version 0.23-a0-310-gdcc7a32 (webtiles) character file.

103 iamserjio the Insei (level 5, -6/30 HPs)
             Began as a Kobold Transmuter on Oct 12, 2018.
             Mangled by a phantom (7 damage)
             ... on level 4 of the Dungeon.
             The game lasted 00:12:37 (1514 turns).

iamserjio the Insei (Kobold Transmuter)             Turns: 1514, Time: 00:12:38

Health: -6/30      AC:  2    Str: 13    XL:     5   Next: 6%
Magic:  6/8        EV: 16    Int: 14    God:
Gold:   116        SH:  0    Dex: 16    Spells: 2/8 levels left

rFire    . . .     SeeInvis .     - Unarmed
rCold    . . .     Gourm    .   (shield restricted)
rNeg     . . .     Faith    .   b - +0 robe
rPois    .         Spirit   .   (no helmet)
rElec    .         Reflect  .   (no cloak)
rCorr    .         Harm     .   (no gloves)
MR       .....     Clarity  +   (no boots)
Stlth    ++........             (no amulet)
HPRegen  0.10/turn              (no ring)
MPRegen  0.11/turn              (no ring)

@: mighty, slowed, very slow
A: small, camouflage 1, carnivore, clarity
a: no special abilities


You were on level 4 of the Dungeon.
You were very full.

You visited 1 branch of the dungeon, and saw 4 of its levels.

You collected 116 gold pieces.

Inventory:

Missiles
 a - 6 arrows
 f - 67 stones (quivered)
 i - 30 poisoned needles
 n - 21 sling bullets
Armour
 b - a +0 robe (worn)
 c - a +0 leather armour
Jewellery
 p - an uncursed amulet of magic regeneration {unknown}
Scrolls
 e - a scroll of fear {unknown}
 g - a scroll of amnesia {unknown}
 h - a scroll of blinking {unknown}
 l - a scroll of remove curse {@r2}
 q - a scroll of identify {@r1}
Potions
 o - a potion of mutation
Comestibles
 d - 5 rations
 j - 2 chunks of flesh


   Skills:
 - Level 2.0 Fighting
 - Level 3.1 Dodging
 * Level 3.7 Unarmed Combat
 - Level 2.1 Spellcasting
 + Level 3.3 Transmutations
 - Level 1.0 Poison Magic


You had 2 spell levels left.
You knew the following spells:

 Your Spells              Type           Power        Failure   Level  Hunger
a - Beastly Appendage     Tmut           ##....       6%          1    #......
b - Sticks to Snakes      Tmut           ##......     9%          2    ###....
c - Spider Form           Tmut/Pois      #.........   28%         3    ###....

Your spell library contained the following spells:

 Spells                   Type           Power        Failure   Level  Hunger
 Ice Form                 Ice/Tmut       #.......     75%         4    #####..
 Blade Hands              Tmut           ##........   86%         5    ######.


Dungeon Overview and Level Annotations

Branches:
Dungeon (4/15)
 Temple: D:4-7

Altars:
Fedhas
Gozag
Vehumet
Xom
Zin

Annotations:
D:3 3 runed doors


Innate Abilities, Weirdness & Mutations

You are small and have problems with some larger weapons.
You are carnivorous and can eat meat at any time.
Your skin changes colour to match your surroundings (Stealth+).
You possess an exceptional clarity of mind.


Message History

You feel very mighty all of a sudden. The phantom hits you!
The orc wizard gestures at you while chanting.
The magic dart hits you! The orc closely misses you.
The phantom barely misses you. The orc wizard misses you.
The orc priest shouts!
You hit the orc wizard but do no damage.
The orc wizard is poisoned.
The orc misses you. The phantom barely misses you.
The orc priest invokes the aid of Beogh against you.
Beogh smites you!
* * * LOW HITPOINT WARNING * * *
The orc wizard misses you.
It was a potion of mutation.
You feel extremely strange.
Your thoughts seem clearer.
Your skin functions as natural camouflage.
Your transformation has ended.
Your +0 robe unmelds from your body.
The orc hits you but does no damage. The phantom completely misses you.
The orc wizard barely misses you. The orc barely misses you.
The phantom hits you!
You die...

######...#####.........###.#####.
...........# ##.........##.##....
##$#..##.#.# ##.......###.##.##.
#..##.#.# ##.....## #.##.##.
#.....#.# ##....## #....... #
#÷##..#.# #....## ####.###
#.#.......# #...## #......#
#.......### #...# #.##.#.#
#.o....## #@W.#######.#..#.#
#.####.# ######oo...............
......#.###§....o....<...#.#†#..#
..o......o...................#..#
.#.##.#.###..............#......#
o #.#.# ####.#...#.###.##.##..# .
..# #.#........ #. #... ##.###
#.#...#.###.......## #. #.#...#.#
##...###.


You could see a phantom, an orc priest, an orc wizard and an orc.

Vanquished Creatures
  A worker ant (D:4)
  An adder (D:4)
  A dart slug (D:1)
  3 leopard geckos (D:4)
  7 orcs (D:3)
  3 giant cockroaches
  5 hobgoblins
  A quokka (D:4)
  A ball python skeleton (D:4)
  3 bats
  7 frilled lizards
  7 goblins
  3 kobolds
  6 rats
49 creatures vanquished.

Vanquished Creatures (collateral kills)
  An adder (D:2)
  An ooze (D:2)
  A kobold (D:2)
3 creatures vanquished.

Grand Total: 52 creatures vanquished

Notes
Turn   | Place    | Note
-------+----------+-------------------------------------------
     0 | D:1      | iamserjio the Kobold Transmuter began the quest for the
                  | Orb.
     0 | D:1      | Reached XP level 1. HP: 12/12 MP: 3/3
   162 | D:1      | Reached XP level 2. HP: 11/16 MP: 3/5
   264 | D:1      | Learned a level 2 spell: Sticks to Snakes
   509 | D:2      | Reached XP level 3. HP: 17/21 MP: 4/6
   570 | D:2      | Learned a level 3 spell: Spider Form
   783 | D:2      | Found a shimmering altar of Xom.
   927 | D:3      | Found an opulent altar of Gozag.
   928 | D:3      | Found a glowing silver altar of Zin.
   964 | D:3      | Found a blossoming altar of Fedhas.
   979 | D:3      | Noticed a killer bee
   979 | D:3      | Noticed a killer bee
   980 | D:3      | Noticed a killer bee
   980 | D:3      | Noticed a killer bee
   980 | D:3      | Noticed a killer bee
  1079 | D:3      | Found a runed gate.
  1079 | D:3      | Found a runed gate.
  1079 | D:3      | Found a runed gate.
  1135 | D:3      | Reached XP level 4. HP: 15/26 MP: 0/7
  1142 | D:3      | Found a radiant altar of Vehumet.
  1412 | D:4      | Reached skill level 1 in Poison Magic
  1434 | D:4      | Reached XP level 5. HP: 17/30 MP: 4/8
  1490 | D:4      | Noticed a phantom
  1513 | D:4      | HP: 1/30 [orc priest/divine providence (9)]
  1514 | D:4      | Gained mutation: You possess an exceptional clarity of
                  | mind. [potion of mutation]
  1514 | D:4      | Gained mutation: Your skin changes colour to match your
                  | surroundings (Stealth+). [potion of mutation]
  1514 | D:4      | Mangled by a phantom

Vault maps used:
D:1:      eino_arrival_cavern_b, minivault_25
D:2:      xom_teletrap_fun
D:3:      grunt_temple_overflow_gold_and_silver, lemuel_coloured_pillars_altar,
          overflow_temple_1_default, nicolae_ru_awakened_eye, first_ration,
          gammafunk_ghost_icy, minmay_misc_feat_chi, fedhas_altar_2

Skill      XL: |  1  2  3  4 |
---------------+-------------+-----
Dodging        | 3 |  3.1
Fighting       | 2 |  2.0
Transmutations | 3 |  3.3
Poison Magic   | 1 |  1.0
Unarmed Combat | |  3.7
Spellcasting   | |  2.1

Action                   |  1- 3 |  4- 6 || total
-------------------------+-------+-------++-------
Melee: Unarmed           |   119 |    60 ||   179
       Headbutt          |     8 |       ||     8
       Kick              |     4 |     1 ||     5
 Cast: Beastly Appendage |    16 |     5 ||    21
       Sticks to Snakes  |     6 |       ||     6
       Spider Form       |     1 |     4 ||     5
  Use: Scroll            |     5 |       ||     5
       Potion            |     1 |     3 ||     4
 Stab: Sleeping          |     2 |     2 ||     4
  Eat: Chunk             |    10 |     1 ||    11
Armor: Robe              |    21 |     4 ||    25
       Skin              |       |     1 ||     1
Dodge: Dodged            |   110 |    54 ||   164

Table legend:
 A = Non-vault XP
 B = Vault XP
 C = Vault XP percentage of total XP
 D = Non-vault monster count
 E = Vault monster count
 F = Vault count percentage of total count
                 A         B        C        D         E       F
            +---------+---------+-------+---------+---------+-------
      Total |     148 |       0 |   0.0 |      52 |       0 |   0.0
            +---------+---------+-------+---------+---------+-------
        D:1 |      28 |       0 |   0.0 |      19 |       0 |   0.0
        D:2 |      32 |       0 |   0.0 |      15 |       0 |   0.0
        D:3 |      27 |       0 |   0.0 |      10 |       0 |   0.0
        D:4 |      61 |       0 |   0.0 |       8 |       0 |   0.0
            +---------+---------+-------+---------+---------+-------
